cohdb
Replays
Latest Replays
All Replays
Popular Replays
Top Player Replays
Match Explorer
How It Works
Community
CoH3 Stats
Reddit
Sign in to upload your games and track your stats! →
Sign in with Steam
Match 43974129
Unlisted
Match 43974129
Overview
Messages
Build Orders
End
Pioneer Squad
Construct Infanterie Kompanie
Grenadier Squad
Selects Breakthrough Battlegroup
MG 42 Machine Gun Team
Grenadier Squad
Infanterie Officer Quarters
Selects Assault Grenadiers
Selects Breakthrough
Breakthrough
Construct Panzergrenadier Kompanie
251 Medium Carrier
Panzergrenadier Squad
Panzergrenadier Squad
Panzergrenadier Officer Quarters
Pak 40 Anti-tank Gun Team
Construct Panzer Kompanie
Panzer IV Medium Tank
Selects Incendiary Bombing Run
Side Skirts
Clumsy
frostie
huaichen
Ace D. Brokenwing
TidaL
super.b99
0
0
Comments
sign in to comment!
No comments posted yet!